 Dungeon Sprint DCSS version 0.30-a0-824-g6c64550be9 (webtiles) character file.

Game seed: 18056904991642410857

32 rocky1 the Trooper (level 3, -1/36 HPs)
             Began as a Naga Fighter on Feb 28, 2023.
             Slain by a scorpion (4 damage)
             ... in the Dungeon (Sprint IX: "|||||||||||||||||||||||||||||").
             The game lasted 00:00:22 (160 turns).

rocky1 the Trooper (Naga Fighter)                    Turns: 160, Time: 00:00:23

Health: -1/36      AC:  5    Str: 20    XL:     3   Next: 25%
Magic:  3/3        EV:  7    Int:  8    God:
Gold:   0          SH:  4    Dex: 10    Spells: 2/2 levels left

rFire   . . .      SeeInvis +    a - +0 flail
rCold   . . .      Faith    .    c - +0 buckler
rNeg    . . .      Spirit   .    b - +0 scale mail
rPois   +          Reflect  .    (no helmet)
rElec   .          Harm     .    (no cloak)
rCorr   .          Rampage  .    (no gloves)
Will    .....      NoTele   +    (no barding) Stlth
                                 (no amulet)
HPRegen 0.26/turn                (no ring)
MPRegen 0.08/turn                (no ring)

@: lethally poisoned (-1 -> -11), very slow
A: AC +1, large, see invisible, deformed body, poison resistance, slowness 2,
spit poison 1, naga tail 1
a: Spit Poison


You were in the Dungeon.
You visited 1 branch

Inventory:

Hand Weapons
 a - a +0 flail (weapon)
Armour
 b - a +0 scale mail (worn)
 c - a +0 buckler (worn)
Scrolls
 j - a scroll of blinking
Potions
 d - a potion of might
 e - a potion of curing
 g - a potion of haste
 h - 2 potions of magic
 i - a potion of berserk rage


   Skills:
 + Level 4.1 Fighting
 + Level 3.2 Maces & Flails
 + Level 3.7 Armour
 + Level 1.0 Dodging
 + Level 3.6 Shields


You had 2 spell levels left.
You didn't know any spells.
Your spell library was empty.

Dungeon Overview and Level Annotations

Branches:
Dungeon (1/1)

Altars:


Innate Abilities, Weirdness & Mutations

Your serpentine skin is tough. (AC +1)
You have supernaturally acute eyesight. (SInv)
Armour fits poorly on your strangely shaped body.
Your system is resistant to poisons. (rPois)
You cover ground very slowly.
You can spit poison.
You have a snake-like lower body.


Message History

You feel much better. The ufetubus hits you.
The ufetubus hits you but does no damage.
The ufetubus hits you. x2
* * * LOW HITPOINT WARNING * * *
You closely miss the ufetubus.
The ufetubus is moderately wounded.
You block the ufetubus's attack. The ufetubus hits you.
* * * LOW HITPOINT WARNING * * *
The ufetubus barely misses you. The ufetubus closely misses you.
You closely miss the ufetubus.
The ufetubus is moderately wounded.
The ufetubus hits you.
* * * LOW HITPOINT WARNING * * *
The ufetubus hits you but does no damage.
The ufetubus hits you.
* * * LOW HITPOINT WARNING * * *
You block the ufetubus's attack.
You sock the ufetubus!
You kill the ufetubus!
Your Dodging skill increases to level 1!
Unknown command.
Aiming: Spit Poison (2% risk of failure)
Press: ? - help, Shift-Dir - straight line, f - scorpion
Aim: a scorpion (59% to hit)
The splash of poison hits the scorpion but does no damage.
The scorpion is poisoned.
The scorpion stings you but does no damage.
The scorpion closely misses you.
You closely miss the scorpion.
The scorpion is lightly wounded.
The scorpion stings you.
* * * LOW HITPOINT WARNING * * *
You barely miss the scorpion.
The scorpion is lightly wounded.
You have got your breath back.
The scorpion stings you.
* * * LOW HITPOINT WARNING * * *
You are lethally poisoned!
The scorpion poisons you! The scorpion stings you.
You die... ▓▓▓▓▓▓▓▓▓▓▓▓▓▓▓▓▓▓ ▓<...)....@s.....+ ▓▓▓▓▓▓▓▓▓▓▓▓▓▓▓▓▓▓

You could see a scorpion (poisoned).

Vanquished Creatures
  2 adders (D)
  An ufetubus (D)
  A bat (D)
  An endoplasm (D)
  A giant cockroach (D)
  A goblin (D)
  A hobgoblin (D)
  A jackal (D)
9 creatures vanquished.

Notes
Turn   | Place    | Note
-------+----------+-------------------------------------------
     0 | D        | rocky1 the Naga Fighter began the quest for the Orb.
     0 | D        | Reached XP level 1. HP: 21/21 MP: 1/1
    27 | D        | Reached XP level 2. HP: 26/28 MP: 2/2
   138 | D        | Noticed a scorpion
   149 | D        | Reached skill level 4 in Fighting
   149 | D        | Reached XP level 3. HP: 13/36 MP: 3/3
   158 | D        | Reached skill level 1 in Dodging
   160 | D        | Slain by a scorpion

Illustrated notes

Levels and vault maps discovered:
D:        linesprint [early_d, line_temple, items_1, d_10, items_2, lair_1,
          lair_end, items_3, orc_1, orc_end, items_4, d_15, swamp_1, shoals_1,
          snake_1, spider_1, d_20, vaults_1, items_5, swamp_end, shoals_end,
          snake_end, spider_end, vaults_end, d_27, items_6, zot_1, zot_end,
          crypt_end, forest_end, elf_end, slime_end, tomb_end, abyss_end,
          pan_hell_end]

Skill      XL: |  1  2  3 |
---------------+----------+-----
Shields        | 3 |  3.6
Armour         | 3 |  3.7
Fighting       | 4 |  4.1
Maces & Flails | 3 |  3.2
Dodging        | 1 |  1.0

Action                     || total
---------------------------++-------
  Melee: Flail             ||    43
Ability: Spit Poison       ||     1
    Use: Potion            ||     1
 Armour: Scale mail        ||    30
  Dodge: Dodged            ||    17
  Block: Buckler           ||    13

Table legend: (Time is in decaauts)
 A = Elapsed time spent in this place.
 B = Non-inter-level travel time spent in this place.
 C = Inter-level travel time spent in this place.
 D = Time resting spent in this place.
 E = Time spent auto-exploring this place.
 F = Levels seen in this place.
 G = Mean time per level.
                   A        B        C        D        E       F      G
               +--------+--------+--------+--------+--------+-----+--------+
         Total |    177 |    177 |      0 |    105 |      0 |   1 |  177.0 |
       Dungeon |    177 |    177 |      0 |    105 |      0 |   1 |  177.0 |
               +--------+--------+--------+--------+--------+-----+--------+

Top non-repeatable levels by time:
       D: 177 daAuts
